 Dungeon Crawl Stone Soup version 0.27.1 (webtiles) character file.

Game seed: 10600777264669311368

44 TinyDot the Digger (level 3, -2/19 HPs)
             Began as a Gargoyle Earth Elementalist on Aug 24, 2021.
             Killed from afar by a white imp (7 damage)
             ... with a puff of frost
             ... on level 3 of the Dungeon.
             The game lasted 00:15:49 (2414 turns).

TinyDot the Digger (Gargoyle Earth Elementalist)    Turns: 2414, Time: 00:15:49

Health: -2/19      AC:  5    Str: 11    XL:     3   Next: 60%
Magic:  14/16      EV: 11    Int: 16    God:
Gold:   116        SH:  5    Dex: 10    Spells: 6/7 levels left

rFire    . . .     SeeInvis .   x - +1 mace (protect)
rCold    . . .     Faith    .   (no shield)
rNeg     + . .     Spirit   .   b - +0 robe
rPois    ∞         Reflect  +   (no helmet)
rElec    +         Harm     .   (no cloak)
rCorr    .         Rampage  .   (no gloves)
Will     .....                  (no boots)
Stlth    ++........             v - amulet of reflection
HPRegen  0.06/turn              A - ring of magical power
MPRegen  0.15/turn              (no ring)

@: no status effects
A: sickness immunity, AC +3, negative energy resistance 1, electricity
resistance, torment resistance 1, petrification resistance
a: no special abilities


You were on level 3 of the Dungeon.
You visited 1 branch of the dungeon, and saw 3 of its levels.

You collected 116 gold pieces.

Inventory:

Hand Weapons
 a - a +0 whip
 i - a +0 dagger
 j - a +0 short sword
 x - a +1 mace of protection (weapon)
 C - a +0 spear
Missiles
 c - 103 stones
 h - 35 bolts
 o - 8 boomerangs (quivered)
 B - 14 sling bullets
Armour
 b - a +0 robe (worn)
 e - a +1 kite shield of protection
 k - a +0 ring mail
 n - a +0 leather armour
 u - a +0 robe
Jewellery
 v - an amulet of reflection (around neck)
 A - a ring of magical power (left hand)
Wands
 q - a wand of flame (18)
Scrolls
 m - 2 scrolls of blinking {unknown}
 s - a scroll of vulnerability {unknown}
 y - 2 scrolls of identify {unknown}
Potions
 d - a potion of heal wounds {unknown}
 f - a potion of flight {unknown}
 g - a potion of degeneration {unknown}
 l - 2 potions of might {unknown}
 p - a potion of experience {unknown}
 r - a potion of attraction {unknown}
 t - 2 potions of haste {unknown}
 w - a potion of lignification {unknown}
 z - 2 potions of mutation {unknown}


   Skills:
 - Level 1.5 Dodging
 - Level 2.1 Stealth
 + Level 2.9 Spellcasting
 - Level 0.7 Transmutations
 + Level 4.6 Earth Magic


You had 6 spell levels left.
You knew the following spells:

 Your Spells              Type           Power      Damage    Failure   Level
a - Sandblast             Erth           34%        2d9       2%          1

Your spell library contained the following spells:

 Spells                   Type           Power      Damage    Failure   Level
 Passwall                 Tmut/Erth      8%         N/A       10%         2
 Stone Arrow              Conj/Erth      18%        3d8       22%         3
 Petrify                  Tmut/Erth      10%        N/A       54%         4


Dungeon Overview and Level Annotations

Branches:
Dungeon (3/15)

Altars:


Innate Abilities, Weirdness & Mutations

You are immune to sickness and miasma.
Your stone body is resilient. (AC +3)
You are immune to poison.
You resist negative energy. (rN+)
You are resistant to electric shocks. (rElec)
You are resistant to unholy torment.
You are immune to petrification.


Message History

Casting: Sandblast (safe; 3% risk of failure)
Confirm with . or Enter, or press ? or * to list all spells.
Aiming: Sandblast (safe; 3% risk of failure)
Press: ? - help, Shift-Dir - straight line, f - adder
Aim: an adder (66% to hit)
The blast of sand misses the adder.
c - 105 stones
Casting: Sandblast (safe; 3% risk of failure)
Confirm with . or Enter, or press ? or * to list all spells.
Aiming: Sandblast (safe; 3% risk of failure)
Press: ? - help, Shift-Dir - straight line, f/p - adder
Aim: an adder (66% to hit)
The blast of sand hits the adder!
The adder is almost dead.
c - 104 stones You block the adder's attack.
You hit the adder.
Your weapon exudes an aura of protection.
You kill the adder!
You see here a +0 spear.
You see here a +0 spear.
A white imp comes into view.
The white imp shouts!
You see here a +0 spear.
C - a +0 spear
Casting: Sandblast (safe; 2% risk of failure)
Confirm with . or Enter, or press ? or * to list all spells.
Aiming: Sandblast (safe; 2% risk of failure)
Press: ? - help, Shift-Dir - straight line, f - white imp
Aim: a white imp (79% to hit)
The blast of sand hits the white imp but does no damage.
c - 103 stones The white imp grinds its teeth.
The white imp gestures at you. The puff of frost hits you!
Ouch! That really hurt!
* * * LOW HITPOINT WARNING * * *
The white imp gestures at you. The puff of frost hits you!
You die...

###.##.##########...#
#.....[# #... ....#
#.###..# #........#
#. #..# #......
#.###..# #.....
#......### #....
####.....# #.#.##
#...#.###....####
#..)#....#.#.@..#
#...#####....##5#
#..)#####.#.###.#
#.[...........>..
#.#.####..#####.##
#.#.# #..# .# #.#.#
#..# .# #.#.# #... .#
#.#.. ....#


You could see a white imp.

Vanquished Creatures
  An adder (D:3)
  A dart slug (D:3)
  5 bats
  2 endoplasms
  6 giant cockroaches
  A goblin (D:3)
  A hobgoblin (D:2)
  4 kobolds
  A quokka (D:1)
  A ball python (D:2)
  A frilled lizard (D:3)
  8 rats
32 creatures vanquished.

Vanquished Creatures (others)
  3 fungi (D:1)
3 creatures vanquished.

Grand Total: 35 creatures vanquished

Notes
Turn   | Place    | Note
-------+----------+-------------------------------------------
     0 | D:1      | TinyDot the Gargoyle Earth Elementalist began the quest for
                  | the Orb.
     0 | D:1      | Reached XP level 1. HP: 10/10 MP: 3/3
   317 | D:1      | Reached XP level 2. HP: 15/15 MP: 1/5
   452 | D:1      | Reached skill level 4 in Earth Magic
  1526 | D:2      | Found a faded altar of an unknown god.
  1533 | D:2      | Reached XP level 3. HP: 19/19 MP: 4/6
  2414 | D:3      | Killed from afar by a white imp

Illustrated notes

Levels and vault maps discovered:
D:1:      dpeg_arrival_prison, layout_loops_cross,
          minmay_misc_feat_secret_circle
D:2:      layout_loops_corners, shapermc_ecumenical_altar_mp_highgroup
D:3:      layout_loops_ring, ebering_ghost_rock_garden

Skill      XL: |  1  2 |
---------------+-------+-----
Earth Magic    | 4 |  4.6
Dodging        | |  1.5
Stealth        | |  2.1
Spellcasting   | |  2.9
Transmutations | |  0.7

Action                   || total
-------------------------++-------
Melee: Unarmed           ||     4
       Short sword       ||    32
       Whip              ||     1
       Mace              ||     2
 Cast: Sandblast         ||    41
  Use: Scroll            ||     1
Armor: Robe              ||    25
Dodge: Dodged            ||    24
Block: Kite shield       ||    15
       Other             ||     2
       Reflection        ||     1
